 Dungeon Crawl Stone Soup version 0.18.1-5-g4a78601 (webtiles) character file.

165 inmateoo the Skirmisher (level 5, -7/41 HPs)
             Began as a Mummy Fighter on May 9, 2016.
             Mangled by Pikel
             ... wielding a +1 whip of electrocution
              (16 damage)
             ... on level 4 of the Dungeon.
             The game lasted 00:02:47 (2036 turns).

inmateoo the Skirmisher (Mummy Fighter)             Turns: 2036, Time: 00:02:48

Health: -7/41      AC:  9    Str: 21    XL:     5   Next: 22%
Magic:  5/5        EV:  7    Int:  7    God:
Gold:   125        SH:  9    Dex: 11    Spells: 0 memorised, 4 levels left

rFire  x . .     SeeInvis .     a - +1 trident
rCold  + . .     Gourm    .     b - +0 scale mail
rNeg   + + +     Faith    .     c - +0 shield
rPois  ∞         Spirit   .     d - +1 hat
rElec  .         Dismiss  .     (no cloak)
rCorr  .         Reflect  .     f - +0 pair of gloves
SustAt .         Harm     .     (no boots)
MR     .....                    (no amulet)
Stlth  ..........               (no ring)
                                (no ring)

@: not resistant to hostile enchantments, extremely unstealthy
A: no food or potions, fire vulnerability, cold resistance 1, negative energy
resistance 3, torment resistance, unbreathing
a: no special abilities


You were on level 4 of the Dungeon.
You were not hungry.

You visited 1 branch of the dungeon, and saw 4 of its levels.

You collected 125 gold pieces.

Inventory:

Hand Weapons
 a - a +1 trident (weapon)
Armour
 b - a +0 scale mail (worn)
 c - a +0 shield (worn)
 d - a +1 hat (worn)
 f - a +0 pair of gloves (worn)
Scrolls
 e - 2 scrolls of remove curse
 g - 2 scrolls of amnesia


   Skills:
 + Level 3.6 Fighting
 * Level 2.8 Polearms
 + Level 3.3 Armour
 + Level 3.1 Shields


You had 4 spell levels left.
You didn't know any spells.

Dungeon Overview and Level Annotations

Branches:
Dungeon (4/15)
 Temple: D:4-7

Altars:
Makhleb
Qazlal
The Shining One

Annotations:
D:4 Blork the orc, Pikel


Innate Abilities, Weirdness & Mutations

You do not eat or drink.
Your flesh is vulnerable to fire.
You are immune to poison.
Your flesh is cold resistant.
You are immune to negative energy.
You are immune to unholy pain and torment.
You can survive without breathing.


Message History

Aim: Pikel, wielding a whip of electrocution and wearing a robe (heavily wounded)
You hit Pikel.
Pikel is heavily wounded.
You block Pikel's attack. You block the slave's attack.
Attack whom?
Press: ? - help, Dir - move target cursor, f/p - Pikel
Aim: Pikel, wielding a whip of electrocution and wearing a robe (heavily wounded)
You hit Pikel.
Pikel is severely wounded.
Pikel says, "You'll feel the lick of my whip!"
Pikel hits you but does no damage. You block the slave's attack.
Attack whom?
Press: ? - help, Dir - move target cursor, f/p - Pikel
Aim: Pikel, wielding a whip of electrocution and wearing a robe (severely wounded)
You closely miss Pikel.
Pikel is severely wounded.
Pikel says, "I'm sure they'll be treated well, anyway."
You block Pikel's attack. You block the slave's attack.
Pikel hits you but does no damage.
You are electrocuted!
You die...

..## ...
##...##.#
#####.. #....
#.# ...#.# #...#
#.#
....#[##...###.#
#..#.p........#
##.####.#######
###.......#
##ppp.######
#@Kp#.# #####.#
..# .## .# #


You could see Pikel and 4 slaves.

Vanquished Creatures
  A phantom (D:4)
  2 adders
  An ooze (D:3)
  2 worms
  2 dart slugs (D:2)
  5 giant cockroaches
  3 hobgoblins (D:3)
  3 jackals (D:2)
  A ball python (D:3)
  3 bats
  5 giant newts
  13 goblins
  6 kobolds
  3 rats
50 creatures vanquished.

Notes
Turn   | Place    | Note
--------------------------------------------------------------
     0 | D:1      | inmateoo the Mummy Fighter began the quest for the Orb.
     0 | D:1      | Reached XP level 1. HP: 18/18 MP: 1/1
   345 | D:1      | Reached XP level 2. HP: 24/24 MP: 2/2
   714 | D:2      | Found a burning altar of Makhleb.
   747 | D:2      | Reached XP level 3. HP: 29/29 MP: 3/3
   956 | D:3      | Found a stormy altar of Qazlal.
   969 | D:3      | Found a glowing golden altar of the Shining One.
  1144 | D:3      | Reached XP level 4. HP: 31/35 MP: 4/4
  1556 | D:4      | Noticed a phantom
  1574 | D:4      | Killed a phantom
  1574 | D:4      | Reached XP level 5. HP: 28/41 MP: 5/5
  1690 | D:4      | Noticed Blork the orc
  1985 | D:4      | Noticed a slave
  1985 | D:4      | Noticed a slave
  1985 | D:4      | Noticed a slave
  1986 | D:4      | Noticed Pikel
  1986 | D:4      | Noticed a slave
  2036 | D:4      | Mangled by Pikel

Skill      XL: |  1  2  3  4 |
---------------+-------------+-----
Polearms       | 2 |  2.8
Armour         | 3 |  3.3
Shields        | 3 |  3.1
Fighting       | |  3.6

Action                   |  1- 3 |  4- 6 || total
-------------------------+-------+-------++-------
Melee: Trident           |   157 |    78 ||   235
  Use: Scroll            |     8 |     3 ||    11
Armor: Scale mail        |    38 |    42 ||    80
Dodge: Dodged            |    39 |    18 ||    57
Block: Shield            |    60 |    45 ||   105
